[ PARTIDA AOE2 · #513607471 ]
UnrankedGodos vs Magyars
Equipo del jugador · VICT
Equipo rival · DERR
[ ANÁLISIS DE REPETICIÓN · EXTRAÍDO DE LA PARTIDA GRABADA ]
Feudal
19:52
Castillos
23:43
Imperial
—
| APM promedio | 37.1 |
| APM pico | 80 |
| eAPM promedio | 18.3 |
| Aldeanos / militares | 53 / 23 |
Foco
⚔️ 18.7% · 🌾 81.3%
Militia ×21 · Petard ×2
Feudal
11:38
Castillos
—
Imperial
—
| APM promedio | 53.2 |
| APM pico | 93 |
| eAPM promedio | 27.0 |
| Aldeanos / militares | 63 / 12 |
Foco
⚔️ 30.2% · 🌾 69.8%
Archer ×12
Mapa de la partida
Recursos iniciales + cada clic de construcción. Líneas = muros · curvas = relieve. ◆ oro · ⬟ piedra · ● bayas · ✦ reliquia · ◌ hueco del cierre
Tu base· Abierta — flanco sin cerrar
Base de Tkboy~· Abierta — flanco sin cerrar
Terreno inicial suavizado · ◌ = hueco del cierre detectado · pasá el cursor para detalles
Inputs por minuto
— Gerodrick - - Tkboy~
Build order — Gerodrick
124 acciones detectadas en el replay
| 0:01 | Investigar | Loom |
| 0:01 | Encolar | Villager (Male) |
| 0:01 | Encolar | Villager (Male) |
| 0:01 | Encolar | Villager (Male) |
| 0:01 | Encolar | Villager (Male) |
| 0:01 | Encolar | Villager (Male) |
| 0:01 | Encolar | Villager (Male) |
| 0:05 | Construir | House |
| 1:37 | Encolar | Villager (Male) |
| 2:32 | Encolar | Villager (Male) |
| 2:32 | Encolar | Villager (Male) |
| 2:32 | Encolar | Villager (Male) |
| 2:32 | Encolar | Villager (Male) |
| 2:39 | Construir | Lumber Camp |
| 2:56 | Encolar | Villager (Male) |
| 2:56 | Encolar | Villager (Male) |
| 2:58 | Construir | House |
| 3:48 | Encolar | Villager (Male) |
| 3:48 | Encolar | Villager (Male) |
| 3:48 | Encolar | Villager (Male) |
| 4:15 | Construir | House |
| 4:25 | Encolar | Villager (Male) |
| 4:25 | Encolar | Villager (Male) |
| 4:25 | Encolar | Villager (Male) |
| 4:25 | Encolar | Villager (Male) |
| 4:59 | Encolar | Villager (Male) |
| 5:31 | Encolar | Villager (Male) |
| 5:31 | Encolar | Villager (Male) |
| 5:31 | Encolar | Villager (Male) |
| 5:42 | Encolar | Villager (Male) |
| 6:05 | Encolar | Villager (Male) |
| 6:23 | Construir | Barracks |
| 6:25 | Encolar | Villager (Male) |
| 6:37 | Construir | House |
| 6:51 | Encolar | Villager (Male) |
| 7:22 | Construir | Mining Camp |
| 7:30 | Encolar | Militia |
| 7:30 | Encolar | Militia |
| 7:34 | Encolar | Villager (Male) |
| 7:52 | Encolar | Militia |
| 7:54 | Encolar | Villager (Male) |
| 8:17 | Encolar | Villager (Male) |
| 8:18 | Encolar | Villager (Male) |
| 8:43 | Construir | House |
| 8:53 | Encolar | Militia |
| 8:53 | Encolar | Militia |
| 8:53 | Encolar | Militia |
| 8:53 | Encolar | Militia |
| 8:57 | Construir | House |
| 9:02 | Encolar | Villager (Male) |
| 9:13 | Encolar | Militia |
| 9:53 | Encolar | Villager (Male) |
| 11:11 | Construir | Mill |
| 12:00 | Construir | Farm |
| 12:02 | Construir | Farm |
| 12:03 | Construir | Farm |
| 12:26 | Encolar | Villager (Male) |
| 12:31 | Construir | House |
| 12:53 | Encolar | Villager (Male) |
| 12:55 | Construir | Farm |
| 13:05 | Construir | House |
| 13:06 | Encolar | Militia |
| 13:06 | Encolar | Militia |
| 13:07 | Encolar | Militia |
| 13:25 | Construir | Farm |
| 13:57 | Encolar | Villager (Male) |
| 13:57 | Encolar | Villager (Male) |
| 13:57 | Encolar | Villager (Male) |
| 14:31 | Encolar | Villager (Male) |
| 14:31 | Encolar | Villager (Male) |
| 14:33 | Construir | Farm |
| 15:05 | Encolar | Villager (Male) |
| 15:06 | Construir | Farm |
| 15:27 | Construir | Farm |
| 15:33 | Encolar | Villager (Male) |
| 15:45 | Encolar | Villager (Male) |
| 16:10 | Encolar | Villager (Male) |
| 16:51 | Encolar | Militia |
| 16:57 | Construir | Mill |
| 17:03 | Encolar | Villager (Male) |
| 17:21 | Encolar | Villager (Male) |
| 17:23 | Construir | Farm |
| 17:37 | Investigar | Feudal Age |
| 17:54 | Construir | Farm |
| 18:05 | Construir | House |
| 18:07 | Construir | House |
| 18:20 | Encolar | Villager (Male) |
| 19:52 | Edad | Edad Feudal |
| 19:57 | Construir | Watch Tower |
| 20:07 | Construir | Market |
| 20:11 | Construir | Blacksmith |
| 20:26 | Construir | Mining Camp |
| 20:48 | Construir | Farm |
| 21:03 | Investigar | Castle Age |
| 21:04 | Investigar | Castle Age |
| 21:06 | Investigar | Man-at-Arms (upgrade) |
| 21:10 | Investigar | Scale Mail Armor |
| 21:14 | Encolar | Militia |
| 21:14 | Encolar | Militia |
| 21:22 | Construir | Barracks |
| 21:29 | Encolar | Villager (Male) |
| 22:03 | Encolar | Militia |
| 22:08 | Encolar | Militia |
| 22:08 | Encolar | Militia |
| 22:08 | Encolar | Militia |
| 22:29 | Investigar | Stone Mining |
| 22:37 | Encolar | Villager (Male) |
| 22:52 | Construir | House |
| 23:06 | Construir | Lumber Camp |
| 23:43 | Edad | Edad de los Castillos |
| 23:50 | Construir | Castle |
| 23:58 | Investigar | Chain Mail Armor |
| 24:01 | Investigar | Long Swordsman (upgrade) |
| 24:01 | Investigar | Long Swordsman (upgrade) |
| 24:09 | Construir | House |
| 24:12 | Construir | House |
| 24:19 | Encolar | Militia |
| 24:19 | Encolar | Militia |
| 24:19 | Encolar | Militia |
| 25:04 | Encolar | Petard |
| 25:05 | Encolar | Petard |
| 25:22 | Encolar | Villager (Male) |
| 25:22 | Encolar | Villager (Male) |
| 25:22 | Encolar | Villager (Male) |
Build order — Tkboy~
Primeras 150 de 161 acciones detectadas
| 0:01 | Encolar | Villager (Male) |
| 0:01 | Encolar | Villager (Male) |
| 0:01 | Encolar | Villager (Male) |
| 0:03 | Construir | House |
| 0:10 | Encolar | Villager (Male) |
| 0:14 | Construir | House |
| 1:24 | Encolar | Villager (Male) |
| 2:14 | Encolar | Villager (Male) |
| 2:14 | Encolar | Villager (Male) |
| 2:20 | Encolar | Villager (Male) |
| 2:20 | Encolar | Villager (Male) |
| 2:40 | Encolar | Villager (Male) |
| 2:40 | Encolar | Villager (Male) |
| 3:12 | Encolar | Villager (Male) |
| 3:12 | Encolar | Villager (Male) |
| 3:43 | Construir | Mill |
| 3:47 | Encolar | Villager (Male) |
| 3:48 | Encolar | Villager (Male) |
| 3:59 | Construir | House |
| 4:00 | Construir | House |
| 4:21 | Encolar | Villager (Male) |
| 4:25 | Construir | Lumber Camp |
| 4:51 | Encolar | Villager (Male) |
| 5:06 | Encolar | Villager (Male) |
| 5:13 | Encolar | Villager (Male) |
| 5:14 | Encolar | Villager (Male) |
| 5:34 | Construir | Palisade Wall |
| 5:35 | Construir | Palisade Wall |
| 5:35 | Construir | Palisade Wall |
| 5:36 | Construir | Palisade Wall |
| 5:37 | Construir | Palisade Wall |
| 5:42 | Investigar | Loom |
| 5:42 | Investigar | Loom |
| 6:09 | Encolar | Villager (Male) |
| 6:10 | Encolar | Villager (Male) |
| 6:10 | Encolar | Villager (Male) |
| 6:28 | Encolar | Villager (Male) |
| 6:28 | Encolar | Villager (Male) |
| 6:28 | Encolar | Villager (Male) |
| 6:34 | Construir | Palisade Wall |
| 6:35 | Construir | Palisade Wall |
| 6:36 | Construir | Palisade Wall |
| 6:43 | Construir | Mill |
| 7:25 | Construir | Palisade Wall |
| 7:25 | Construir | Palisade Wall |
| 7:26 | Construir | Palisade Wall |
| 7:27 | Construir | Palisade Wall |
| 7:28 | Construir | Palisade Wall |
| 8:20 | Construir | Palisade Wall |
| 8:35 | Construir | Farm |
| 8:36 | Construir | Farm |
| 8:37 | Construir | Farm |
| 9:28 | Investigar | Feudal Age |
| 9:28 | Investigar | Feudal Age |
| 10:11 | Construir | Mining Camp |
| 10:35 | Construir | House |
| 10:40 | Construir | Palisade Wall |
| 10:46 | Construir | House |
| 11:04 | Construir | House |
| 11:07 | Construir | House |
| 11:12 | Construir | Palisade Wall |
| 11:27 | Construir | Palisade Wall |
| 11:38 | Edad | Edad Feudal |
| 11:39 | Encolar | Villager (Male) |
| 11:50 | Construir | Watch Tower |
| 11:53 | Construir | Palisade Wall |
| 11:55 | Construir | Palisade Wall |
| 12:01 | Investigar | Double-Bit Axe |
| 12:01 | Investigar | Double-Bit Axe |
| 12:02 | Encolar | Villager (Male) |
| 12:10 | Construir | House |
| 12:14 | Construir | House |
| 12:17 | Encolar | Villager (Male) |
| 13:00 | Encolar | Villager (Male) |
| 13:12 | Construir | House |
| 13:13 | Construir | House |
| 13:20 | Construir | Watch Tower |
| 13:24 | Encolar | Villager (Male) |
| 13:31 | Construir | House |
| 13:34 | Construir | House |
| 13:39 | Construir | House |
| 13:46 | Construir | Palisade Wall |
| 14:13 | Construir | Palisade Wall |
| 14:16 | Construir | House |
| 14:26 | Construir | House |
| 14:42 | Encolar | Villager (Male) |
| 14:46 | Construir | Farm |
| 14:50 | Encolar | Villager (Male) |
| 14:54 | Construir | Farm |
| 15:04 | Construir | Palisade Wall |
| 15:44 | Construir | Barracks |
| 15:49 | Encolar | Villager (Male) |
| 15:55 | Encolar | Villager (Male) |
| 16:30 | Construir | Archery Range |
| 16:34 | Encolar | Villager (Male) |
| 16:45 | Construir | House |
| 16:46 | Construir | House |
| 16:59 | Construir | Palisade Wall |
| 17:02 | Encolar | Villager (Male) |
| 17:07 | Construir | Farm |
| 17:12 | Encolar | Archer |
| 17:13 | Encolar | Archer |
| 17:19 | Construir | Farm |
| 17:20 | Encolar | Villager (Male) |
| 17:30 | Construir | House |
| 17:36 | Encolar | Villager (Male) |
| 17:52 | Construir | House |
| 17:57 | Construir | Farm |
| 18:03 | Construir | House |
| 18:13 | Encolar | Archer |
| 18:13 | Encolar | Archer |
| 18:13 | Encolar | Archer |
| 18:27 | Encolar | Villager (Male) |
| 18:32 | Construir | Farm |
| 18:40 | Construir | Farm |
| 18:41 | Encolar | Villager (Male) |
| 18:41 | Encolar | Villager (Male) |
| 18:41 | Encolar | Villager (Male) |
| 18:47 | Construir | Palisade Wall |
| 18:50 | Construir | Farm |
| 18:56 | Construir | Farm |
| 19:04 | Encolar | Villager (Male) |
| 19:05 | Encolar | Villager (Male) |
| 19:15 | Encolar | Villager (Male) |
| 19:15 | Encolar | Villager (Male) |
| 19:32 | Construir | Farm |
| 19:36 | Encolar | Villager (Male) |
| 19:36 | Encolar | Villager (Male) |
| 19:48 | Encolar | Villager (Male) |
| 19:48 | Encolar | Villager (Male) |
| 19:58 | Construir | Farm |
| 20:02 | Encolar | Villager (Male) |
| 20:05 | Construir | Blacksmith |
| 20:13 | Encolar | Archer |
| 20:13 | Encolar | Archer |
| 20:13 | Encolar | Archer |
| 20:22 | Construir | Farm |
| 20:23 | Encolar | Villager (Male) |
| 20:23 | Encolar | Villager (Male) |
| 20:24 | Encolar | Villager (Male) |
| 20:24 | Encolar | Villager (Male) |
| 20:26 | Construir | Farm |
| 20:45 | Construir | Farm |
| 20:46 | Encolar | Villager (Male) |
| 20:46 | Encolar | Villager (Male) |
| 20:58 | Construir | Mining Camp |
| 21:04 | Encolar | Villager (Male) |
| 21:09 | Encolar | Archer |
| 21:09 | Encolar | Archer |
| 21:22 | Encolar | Villager (Male) |
Cronología de la partida
| 5:34 | Tkboy~ · wall_segment Palisade Wall x1 |
| 5:35 | Tkboy~ · wall_segment Palisade Wall x1 |
| 5:35 | Tkboy~ · wall_segment Palisade Wall x1 |
| 5:36 | Tkboy~ · wall_segment Palisade Wall x1 |
| 5:37 | Tkboy~ · wall_segment Palisade Wall x1 |
| 6:23 | Gerodrick · first_building Barracks |
| 6:34 | Tkboy~ · wall_segment Palisade Wall x1 |
| 6:35 | Tkboy~ · wall_segment Palisade Wall x1 |
| 6:36 | Tkboy~ · wall_segment Palisade Wall x1 |
| 7:25 | Tkboy~ · wall_segment Palisade Wall x1 |
| 7:25 | Tkboy~ · wall_segment Palisade Wall x1 |
| 7:26 | Tkboy~ · wall_segment Palisade Wall x1 |
| 7:27 | Tkboy~ · wall_segment Palisade Wall x1 |
| 7:28 | Tkboy~ · wall_segment Palisade Wall x1 |
| 8:20 | Tkboy~ · wall_segment Palisade Wall x1 |
| 10:40 | Tkboy~ · wall_segment Palisade Wall x7 |
| 11:12 | Tkboy~ · wall_segment Palisade Wall x1 |
| 11:27 | Tkboy~ · wall_segment Palisade Wall x1 |
| 11:38 | Tkboy~ · age_up feudal |
| 11:53 | Tkboy~ · wall_segment Palisade Wall x1 |
| 11:55 | Tkboy~ · wall_segment Palisade Wall x1 |
| 13:46 | Tkboy~ · wall_segment Palisade Wall x1 |
| 14:13 | Tkboy~ · wall_segment Palisade Wall x1 |
| 15:04 | Tkboy~ · wall_segment Palisade Wall x1 |
| 15:44 | Tkboy~ · first_building Barracks |
| 16:30 | Tkboy~ · first_building Archery Range |
| 16:59 | Tkboy~ · wall_segment Palisade Wall x8 |
| 18:47 | Tkboy~ · wall_segment Palisade Wall x6 |
| 19:52 | Gerodrick · age_up feudal |
| 23:43 | Gerodrick · age_up castle |
| 23:50 | Gerodrick · first_building Castle |
| 25:33 | Tkboy~ · resign |
[ ANÁLISIS IA · 1 CRÉDITO ]
¿Qué pasó realmente en esta partida?
Wolo.gg analiza cada decisión: build order, eco, micro, errores típicos por bracket. Análisis personalizado por WhatsApp o Discord en 30 segundos.
Guía civ
Godos
Perfil
Jugador #453107